 Dungeon Crawl Stone Soup version 0.30-b1-2-g02819fbbbe (webtiles) character file.

Game seed: 3028075071455175951

282 JamesMyth the Chopper (level 6, -3/53 HPs)
             Began as a Hill Orc Fighter on Oct 24, 2023.
             Was an Initiate of Beogh.
             Slain by p0werm0de's ghost (10 damage)
             ... on level 4 of the Dungeon.
             The game lasted 00:04:14 (2872 turns).

JamesMyth the Chopper (Hill Orc Fighter)            Turns: 2872, Time: 00:04:15

Health: -3/53      AC: 10    Str: 21    XL:     6   Next: 28%
Magic:  6/6        EV:  9    Int:  8    God:    Beogh [......]
Gold:   212        SH:  4    Dex: 10    Spells: 5/5 levels left

rFire   + . .        k - +2 hand axe (drain)
rCold   . . .        c - +0 buckler
rNeg    . . .        d - +3 scale mail {rF+}
rPois   .            (no helmet)
rElec   .            (no cloak)
rCorr   .            (no gloves)
SInv    .            (no boots)
Will    .....        (no amulet) Stlth
                     (no ring)
HPRegen 0.28/turn    (no ring)
MPRegen 0.10/turn

%: no passive effects
@: no status effects
A: no striking features
a: Renounce Religion


You were on level 4 of the Dungeon.
You worshipped Beogh.
Beogh was noncommittal.
You visited 1 branch of the dungeon, and saw 4 of its levels.

You collected 212 gold pieces.

Inventory:

Hand Weapons
 a - a +0 war axe
 k - a +2 hand axe of draining (weapon)
Armour
 b - a +0 scale mail
 c - a +0 buckler (worn)
 d - a +3 scale mail of fire resistance (worn)
Scrolls
 e - 2 scrolls of enchant weapon {unknown}
 g - 4 scrolls of identify {unknown}
 m - a scroll of immolation {unknown}
Potions
 f - 3 potions of heal wounds
 h - 3 potions of haste {unknown}
 i - 2 potions of attraction {unknown}
 j - 2 potions of mutation {unknown}
 l - 2 potions of berserk rage {unknown}
 n - 2 potions of curing {unknown}
 o - a potion of brilliance {unknown}


   Skills:
 + Level 4.6 Fighting
 + Level 5.3 Axes
 + Level 4.8 Armour
 + Level 1.1 Dodging
 + Level 0.1 Stealth
 + Level 4.1 Shields


You had 5 spell levels left.
You didn't know any spells.
Your spell library contained the following spells:

 Spells                   Type           Power      Damage    Failure   Level
 Sandblast                Erth           0%         2d4       80%         1
 Passwall                 Tmut/Erth      0%         N/A       91%         2
 Dazzling Flash           Conj/Hex       0%         N/A       99%         3
 Ozocubu's Armour         Ice            0%         N/A       99%         3
 Stone Arrow              Conj/Erth      0%         3d7       99%         3
 Agony                    Necr           0%         N/A       100%        5
 Silence                  Hex/Air        0%         N/A       100%        5
 Ozocubu's Refrigeration  Ice            0%         4d7       100%        7


Dungeon Overview and Level Annotations

Branches:
Dungeon (4/15)
 Temple: D:4-7

Altars:
Gozag
Yredelemnul

Annotations:
D:4 p0werm0de's ghost, amateur MiFi


Message History

You kill the worm!
Beogh accepts your kill.
Found an opulent altar of Gozag.
Really walk into that teleport trap?
You enter a teleport trap!
The teleport trap disappears.
Your surroundings suddenly seem different.
You see here 5 stones.
Things that are here:
a +0 dagger; a +0 leather armour
Things that are here:
a +0 dagger; a +0 robe
There is a stone staircase leading down here.
You pick up a book of Geomancy and begin reading...
You add the spells Sandblast, Passwall and Stone Arrow to your library.
P0werm0de's ghost turns its malevolent gaze towards you.
You open the large door.
It was a potion of heal wounds.
You feel much better. P0werm0de's ghost closely misses you.
You hit p0werm0de's ghost but do no damage.
P0werm0de's ghost whispers, "You will understand me better in a moment."
P0werm0de's ghost hits you but does no damage.
You closely miss p0werm0de's ghost. You block p0werm0de's ghost's attack.
You barely miss p0werm0de's ghost. P0werm0de's ghost hits you!
You barely miss p0werm0de's ghost.
P0werm0de's ghost hits you but does no damage.
You barely miss p0werm0de's ghost. P0werm0de's ghost hits you.
You hit p0werm0de's ghost.
P0werm0de's ghost is lightly damaged.
P0werm0de's ghost hits you!
You hit p0werm0de's ghost.
P0werm0de's ghost is lightly damaged.
P0werm0de's ghost hits you. P0werm0de's ghost hits you!
You hit p0werm0de's ghost but do no damage.
P0werm0de's ghost is lightly damaged.
P0werm0de's ghost hits you!
* * * LOW HITPOINT WARNING * * *
You hit p0werm0de's ghost.
P0werm0de's ghost is moderately damaged.
P0werm0de's ghost hits you!
You die...

#.# #........#
####.# #........#
.....# #........#
###### #........# #
######...#
#.##≈#...#
############...#...#
.........#~≈~..#...#
###########.≈#.W@..#
#.$.~.'...#
##..8.#..##
#≈#~.#..# ##..#####
###


You could see p0werm0de's ghost.

Vanquished Creatures
  A bullfrog zombie (D:4)
  Terence (D:3)
  A scorpion zombie (D:4)
  2 orc wizards
  A hound zombie (D:4)
  8 adders
  An adder zombie (D:4)
  2 worms
  2 dart slugs
  3 orcs
  4 ball pythons
  10 bats
  5 endoplasms
  2 giant cockroaches
  4 goblins
  4 hobgoblins
  2 jackals (D:3)
  A kobold (D:2)
  8 quokkas
  3 frilled lizards
  A quokka zombie (D:4)
  4 rats
70 creatures vanquished.

Notes
Turn   | Place    | Note
-------+----------+-------------------------------------------
     0 | D:1      | JamesMyth the Hill Orc Fighter began the quest for the Orb.
     0 | D:1      | Reached XP level 1. HP: 19/19 MP: 1/1
   144 | D:1      | Reached XP level 2. HP: 27/27 MP: 2/2
   148 | D:1      | You fall into a shaft and drop 1 floor!
   212 | D:1      | Reached skill level 3 in Axes
   212 | D:1      | Reached XP level 3. HP: 31/33 MP: 3/3
   951 | D:2      | Reached XP level 4. HP: 40/40 MP: 4/4
   958 | D:2      | Identified the +4 sling "Luit" {speed, rElec rC+ rCorr}
  1394 | D:3      | Noticed Terence
  1410 | D:3      | Killed Terence
  1569 | D:3      | Reached skill level 4 in Axes
  1751 | D:3      | Reached XP level 5. HP: 43/46 MP: 5/5
  1963 | D:3      | Became a worshipper of Beogh the Brigand
  2338 | D:4      | Reached skill level 5 in Axes
  2338 | D:4      | Reached XP level 6. HP: 40/53 MP: 6/6
  2402 | D:4      | Found a basalt altar of Yredelemnul.
  2425 | D:4      | Reached skill level 1 in Dodging
  2603 | D:4      | Found a large runed translucent door.
  2604 | D:4      | Found a large runed translucent door.
  2607 | D:4      | Noticed p0werm0de's ghost (amateur MiFi)
  2685 | D:4      | Found an opulent altar of Gozag.
  2872 | D:4      | Slain by p0werm0de's ghost

Illustrated notes

Levels and vault maps discovered:
D:1:      psy_arrival_conway, layout_loops_ring, minmay_misc_feat_five
D:2:      layout_loops_ring, minmay_pentomino_t2
D:3:      layout_loops_ring, uniq_terence
D:4:      layout_rooms, nicolae_yredelemnul_corpse_copse, lemuel_tele_altar,
          ebering_ghost_disaster_area

Skill      XL: |  1  2  3  4  5  6 |
---------------+-------------------+-----
Axes           | 3 4 5 |  5.3
Armour         | 4 |  4.8
Fighting       | 4 |  4.6
Shields        | 4 |  4.1
Dodging        | 1 |  1.1
Stealth        | |  0.1

Action                     |  1- 3 |  4- 6 || total
---------------------------+-------+-------++-------
  Melee: War axe           |   118 |       ||   118
         Hand axe          |     3 |   148 ||   151
 Invoke: Convert to Beogh  |       |     1 ||     1
    Use: Potion            |       |     2 ||     2
 Armour: Scale mail        |    74 |    54 ||   128
  Dodge: Dodged            |    45 |    71 ||   116
  Block: Buckler           |    39 |    31 ||    70
